 Seeded DCSS version 0.30-a0-719-gcc4359ea44 (webtiles) character file.

Game seed: 905864180322077160 (custom seed)

64 hikkokomori the Digger (level 3, 0/28 HPs)
             Began as a Demigod Earth Elementalist on Jan 27, 2023.
             Slain by Pargi (4 damage)
             ... in a sewer.
             The game lasted 00:02:48 (1590 turns).

hikkokomori the Digger (Demigod Earth Elementalist) Turns: 1590, Time: 00:02:49

Health: 0/28       AC:  2    Str: 13    XL:     3   Next: 64%
Magic:  7/9        EV: 12    Int: 17    God:
Gold:   114        SH:  0    Dex: 14    Spells: 3/6 levels left

rFire   . . .      SeeInvis .    d - +1 short sword (venom)
rCold   . . .      Faith    .    (no shield)
rNeg    . . .      Spirit   .    a - +0 robe
rPois   .          Reflect  .    (no helmet)
rElec   .          Harm     .    (no cloak)
rCorr   .          Rampage  .    (no gloves)
Will    .....                    (no boots)
Stlth   ++                       (no amulet)
HPRegen 0.24/turn                (no ring)
MPRegen 0.11/turn                (no ring)

@: hasted, very quick
A: high MP 1, forlorn, divine attributes
a: no special abilities


You were in a sewer.
You visited 1 branch of the dungeon, and saw 3 of its levels.
You also visited: Sewer.

You collected 114 gold pieces.

Inventory:

Hand Weapons
 d - a +1 short sword of venom (weapon)
Armour
 a - a +0 robe (worn)
 n - a +0 cloak
Scrolls
 e - a scroll of vulnerability {unknown}
 g - a scroll of amnesia {unknown}
 h - a scroll of noise {unknown}
 i - a scroll of fear {unknown}
 j - a scroll of identify {unknown}
 l - 2 scrolls of teleportation {unknown}
 m - a scroll of poison {unknown}
Potions
 b - 2 potions of magic
 c - 2 potions of curing {unknown}
 f - a potion of flight {unknown}
 k - a potion of haste
 o - a potion of might {unknown}


   Skills:
 + Level 1.2 Fighting
 - Level 1.7 Dodging
 + Level 2.5 Stealth
 + Level 2.3 Spellcasting
 + Level 1.2 Transmutations
 + Level 3.1 Earth Magic


You had 3 spell levels left.
You knew the following spells:

 Your Spells              Type           Power      Damage    Failure   Level
a - Sandblast             Erth           24%        2d8       4%          1
b - Passwall              Tmut/Erth      7%         N/A       12%         2

Your spell library contained the following spells:

 Spells                   Type           Power      Damage    Failure   Level
 Magic Dart               Conj           4%         1d3       19%         1
 Searing Ray              Conj           2%         2d4       28%         2
 Stone Arrow              Conj/Erth      14%        3d7       28%         3
 Petrify                  Tmut/Erth      9%         N/A       58%         4
 Fulminant Prism          Conj/Hex       0%         3d5       88%         4


Dungeon Overview and Level Annotations

Branches:
Dungeon (3/15)              Sewer (1/1)

Shops:
D:1 *

Annotations:
D:2 1 runed translucent door, Crazy Yiuf Sewer Pargi


Innate Abilities, Weirdness & Mutations

You have an increased reservoir of magic. (+10% MP)
You shall have no god before yourself.
Your divine heritage dramatically boosts your attributes as you level up.


Message History

Pargi is nearby!
Pargi is nearby!
Found a scroll labelled ZUJULEUPAQU and 27 gold pieces.
Pargi shouts!
You see here a potion of haste.
k - 2 potions of haste (gained 1)
The blast of sand hits Pargi!
Pargi is moderately wounded.
The blast of sand hits Pargi.
Pargi is heavily wounded.
Pargi bites you. Pargi closely misses you. x2
You barely miss Pargi.
Pargi is moderately wounded.
Pargi bites you. Pargi closely misses you. x2
You closely miss Pargi.
Pargi is moderately wounded.
Pargi bites you. Pargi claws you. x2
You are too injured to fight recklessly!
You are too injured to fight recklessly!
You are too injured to fight recklessly!
You are too injured to fight recklessly!
You are too injured to fight recklessly!
You feel yourself speed up. Pargi barely misses you. Pargi claws you.
Pargi closely misses you.
Casting: Sandblast (safe; 4% risk of failure)
Confirm with . or Enter, or press ? or * to list all spells.
Okay, then.
You hit Pargi.
Pargi is poisoned.
Pargi is moderately wounded.
You hit Pargi.
Pargi looks even sicker.
Pargi is moderately wounded.
Pargi closely misses you. Pargi barely misses you. x2
You hit Pargi.
Pargi is heavily wounded.
Pargi bites you.
* * * LOW HITPOINT WARNING * * *
Pargi claws you.
* * * LOW HITPOINT WARNING * * *
Pargi claws you.
You die...

##...## ##.## #.#
#.# #.# ### #.#
.... #.# .....
#######.####.....$
∩.........@T.....?
############.....$
..... .... ###


You could see Pargi (very poisoned).

Vanquished Creatures
  2 adders (D:3)
  2 orcs (D:3)
  3 endoplasms (D:1)
  4 giant cockroaches
  5 goblins
  3 hobgoblins
  2 kobolds
  2 quokkas (D:1)
  4 ball pythons
  10 bats
  3 frilled lizards
  A rat (D:2)
41 creatures vanquished.

Vanquished Creatures (others)
  A fungus (D:3)
1 creature vanquished.

Grand Total: 42 creatures vanquished

Notes
Turn   | Place    | Note
-------+----------+-------------------------------------------
     0 | D:1      | hikkokomori the Demigod Earth Elementalist began the quest
                  | for the Orb.
     0 | D:1      | Reached XP level 1. HP: 14/14 MP: 5/5
    60 | D:1      | Found Heeq's Assorted Antiques.
   216 | D:1      | Reached XP level 2. HP: 22/22 MP: 4/7
   563 | D:1      | You fall into a shaft and drop 1 floor!
   591 | D:2      | Reached skill level 3 in Earth Magic
   844 | D:2      | Reached skill level 1 in Fighting
  1169 | D:2      | Found a runed translucent door.
  1170 | D:2      | Noticed Crazy Yiuf
  1319 | D:2      | Learned a level 2 spell: Passwall
  1414 | D:3      | Reached skill level 1 in Transmutations
  1414 | D:3      | Reached XP level 3. HP: 28/28 MP: 4/8
  1453 | D:3      | Found a glowing drain.
  1499 | Sewer    | Entered a sewer
  1579 | Sewer    | Noticed Pargi
  1590 | Sewer    | Slain by Pargi

Illustrated notes

Levels and vault maps discovered:
D:1:      dpeg_arrival_renting, layout_loops_ring, serial_shops, shop,
          nicolae_figureground_sparkle
D:2:      layout_loops_ring, grunt_ministairs_14, kennysheep_generic_room_4,
          uniq_crazy_yiuf_cottage
D:3:      layout_rooms, gup_sewer_entry_glass, shapermc_ecumenical_altar_ellora,
          nicolae_titane
Sewer:    sewer_big_baddie

Skill      XL: |  1  2 |
---------------+-------+-----
Stealth        | 2 |  2.5
Spellcasting   | 2 |  2.3
Earth Magic    | 3 |  3.1
Fighting       | 1 |  1.2
Transmutations | 1 |  1.2
Dodging        | |  1.7

Action                     || total
---------------------------++-------
  Melee: Short sword       ||    25
   Cast: Sandblast         ||    54
    Use: Scroll            ||     1
         Potion            ||     1
 Armour: Robe              ||    33
  Dodge: Dodged            ||    54

Table legend: (Time is in decaauts)
 A = Elapsed time spent in this place.
 B = Non-inter-level travel time spent in this place.
 C = Inter-level travel time spent in this place.
 D = Time resting spent in this place.
 E = Time spent auto-exploring this place.
 F = Levels seen in this place.
 G = Mean time per level.
                   A        B        C        D        E       F      G
               +--------+--------+--------+--------+--------+-----+--------+
         Total |   1616 |   1521 |     95 |      4 |   1197 |   4 |  404.0 |
       Dungeon |   1525 |   1430 |     95 |      4 |   1143 |   3 |  508.3 |
         Sewer |     91 |     91 |      0 |      0 |     54 |   1 |   91.0 |
               +--------+--------+--------+--------+--------+-----+--------+

Top non-repeatable levels by time:
     D:2: 788 daAuts
     D:1: 576 daAuts
     D:3: 160 daAuts
   Sewer: 91 daAuts
